 Dungeon Crawl Stone Soup version 0.18-a0-1203-gbde16db (webtiles) character file.

403 Herrn the Chopper (level 6, -3/57 HPs)
             Began as a Naga Fighter on Feb 1, 2016.
             Was an Initiate of Okawaru.
             Slain by an orc warrior
             ... wielding a +0 scimitar
              (19 damage)
             ... on level 5 of the Dungeon.
             The game lasted 00:14:04 (4999 turns).

Herrn the Chopper (Naga Fighter)                    Turns: 4999, Time: 00:14:04

Health: -3/57      AC: 10    Str: 19    XL:     6   Next: 86%
Magic:  15/15      EV:  4    Int: 15    God:    Okawaru [......]
Gold:   280        SH:  9    Dex: 10    Spells: 0 memorised, 5 levels left

rFire  . . .     SeeInvis +     a - +0 war axe
rCold  . . .     Gourm    .     w - +0 chain mail
rNeg   . . .     Faith    .     c - +0 shield
rPois  +         Spirit   .     (no helmet)
rElec  .         Dismiss  .     j - +0 cloak
rCorr  .         Reflect  .     u - +1 pair of gloves
SustAt +         Harm     .     (no barding)
MR     .....                    (no amulet)
Stlth  ..........               s - ring of magical power
                                o - ring of sustain attributes

@: brilliant, short of breath, very slow, not resistant to hostile enchantments,
extremely unstealthy
A: see invisible, deformed body, poison resistance, slowness 2, slow metabolism
1, spit poison 2, AC +2
a: Spit Poison, Renounce Religion


You were on level 5 of the Dungeon.
You worshipped Okawaru.
Okawaru was noncommittal.
You were not hungry.

You visited 2 branches of the dungeon, and saw 6 of its levels.

You collected 280 gold pieces.

Inventory:

Hand Weapons
 a - a +0 war axe (weapon)
Armour
 b - a +0 scale mail
 c - a +0 shield (worn)
 j - a +0 cloak (worn)
 u - a +1 pair of gloves (worn)
 w - a +0 chain mail (worn)
Jewellery
 o - a ring of sustain attributes (left hand)
 s - a ring of magical power (right hand)
Scrolls
 d - a scroll of teleportation {unknown}
 e - a scroll of remove curse {unknown}
 h - 2 scrolls of blinking {unknown}
 i - a scroll of immolation {unknown}
 k - a scroll of enchant armour {unknown}
 m - a scroll of fog {unknown}
 n - 2 scrolls of identify {unknown}
 p - 2 scrolls of recharging {unknown}
 t - 3 scrolls of noise {unknown}
 x - a scroll of enchant weapon {unknown}
Potions
 r - 3 potions of curing
Comestibles
 f - 4 bread rations
 l - 3 chunks of flesh
 q - 2 beef jerkies
 v - a meat ration
 z - 5 fruits


   Skills:
 + Level 3.9 Fighting
 * Level 4.1 Axes
 + Level 3.7 Armour
 + Level 1.7 Dodging
 + Level 3.3 Shields


You had 5 spell levels left.
You didn't know any spells.

Dungeon Overview and Level Annotations

Branches:
Dungeon (5/15)             Temple (1/1) D:4

Altars:
Cheibriados
Dithmenos
Elyvilon
Fedhas
Gozag
Kikubaaqudgha
Makhleb
Nemelex Xobeh
Okawaru
Pakellas
Qazlal
Sif Muna
Trog
Vehumet
Xom
Yredelemnul
Zin
The Shining One

Annotations:
D:4 FIQ's ghost, amateur OpTm


Innate Abilities, Weirdness & Mutations

You cannot wear boots.
Your serpentine skin is tough (AC +2).
You have supernaturally acute eyesight.
Armour fits poorly on your strangely shaped body.
Your system is resistant to poisons.
You cover ground very slowly.
You have a slow metabolism.
You can spit poison.


Message History

You have got your breath back.
You block the orc's attack.
The orc warrior hits you with a scimitar!
The orc hits you but does no damage.
Press: ? - help, Shift-Dir - straight line, f/p - orc warrior
Aim: an orc warrior, wielding a scimitar and wearing a plate armour (severely wounded)
The splash of poison hits the orc warrior.
The orc warrior appears unharmed.
The orc warrior is severely wounded.
You feel slightly more hungry. The orc hits you with a club.
The orc warrior hits you with a scimitar!
* * * LOW HITPOINT WARNING * * *
The orc hits you but does no damage.
You hit the orc warrior.
The orc warrior is almost dead.
You closely miss the orc. You hit the orc but do no damage.
The orc is moderately wounded.
The orc hits you but does no damage. x2
The orc warrior hits you with a scimitar!!
You die...

#......
#.....#
+.....# ###
#.....# #...
#.....+ .....
#.....#
......#o....#
......o@....#
##...>#o....#
#### #.....#
#...<.#
#######


You could see an orc warrior and 2 orcs.

Vanquished Creatures
  An orc priest (D:4)
  2 hounds (D:3)
  3 orc wizards
  2 iguanas
  A hound skeleton (D:3)
  3 gnolls (D:3)
  4 adders
  An adder skeleton (D:4)
  2 giant geckos (D:1)
  11 orcs
  2 ball pythons (D:4)
  4 giant cockroaches
  15 goblins
  6 hobgoblins
  5 jackals
  3 quokkas
  6 bats
  4 giant newts
  6 kobolds
  A quokka skeleton (D:5)
  7 rats
89 creatures vanquished.

Notes
Turn   | Place    | Note
--------------------------------------------------------------
     0 | D:1      | Herrn the Naga Fighter began the quest for the Orb.
     0 | D:1      | Reached XP level 1. HP: 21/21 MP: 1/1
   282 | D:1      | Reached XP level 2. HP: 17/28 MP: 2/2
   831 | D:1      | Reached XP level 3. HP: 34/34 MP: 3/3
  1230 | D:2      | Found a deep blue altar of Sif Muna.
  1364 | D:2      | Reached XP level 4. HP: 38/42 MP: 4/4
  1472 | D:2      | Found a snail-covered altar of Cheibriados.
  1527 | D:2      | Found a glowing golden altar of the Shining One.
  1568 | D:2      | Reached skill level 1 in Dodging
  1982 | D:3      | Found a bloodstained altar of Trog.
  2179 | D:3      | Reached XP level 5. HP: 4/49 MP: 5/5
  2463 | D:3      | Found a burning altar of Makhleb.
  3384 | D:3      | Reached XP level 6. HP: 28/57 MP: 6/6
  3876 | D:4      | Noticed FIQ's ghost (amateur OpTm)
  4427 | D:4      | Reached skill level 4 in Axes
  4547 | D:4      | Found a staircase to the Ecumenical Temple.
  4565 | Temple   | Entered the Ecumenical Temple
  4604 | Temple   | Became a worshipper of Warmaster Okawaru
  4710 | D:4      | Found a blossoming altar of Fedhas.
  4978 | D:5      | Entered Level 5 of the Dungeon
  4985 | D:5      | Noticed an orc warrior
  4999 | D:5      | Slain by an orc warrior

Vault maps used:
D:1:      elethiomel_arrival_quiet
D:2:      cheibriados_altar_1, lemuel_doored_altar, old_standard_altar
D:3:      lemuel_crystal_altar, marbit_many_paths, first_bread
D:4:      kennysheep_little_box, minmay_temple_entry_glassed_door
D:5:      cheibrodos_ashenzari_chains, minmay_misc_feat_plants, tgw_fedhas
Temple:   circular_temple_12

Action                   |  1- 3 |  4- 6 || total
-------------------------+-------+-------++-------
Melee: War axe           |   111 |   258 ||   369
 Abil: Spit Poison       |     5 |    33 ||    38
  Use: Potion            |       |     6 ||     6
 Stab: Invisible         |       |     3 ||     3
  Eat: Chunk             |     1 |    12 ||    13
